 Dungeon Crawl Stone Soup version 0.29.1-2-gbd0b4ee654 (webtiles) character file.

Game seed: 9805366690001393031

101 zeram the Sneak (level 4, -2/29 HPs)
             Began as an Octopode Brigand on Nov 6, 2022.
             Was an Initiate of Dithmenos.
             Slain by an orc
             ... wielding a +0 trident
              (7 damage)
             ... on level 4 of the Dungeon.
             The game lasted 00:03:30 (2648 turns).

zeram the Sneak (Octopode Brigand)                  Turns: 2648, Time: 00:03:30

Health: -2/29      AC:  1    Str: 10    XL:     4   Next: 75%
Magic:  4/4        EV: 13    Int: 15    God:    Dithmenos [......]
Gold:   81         SH:  0    Dex: 13    Spells: 3/3 levels left

rFire   . . .      SeeInvis .   a - +3 dagger
rCold   . . .      Faith    .   (no shield)
rNeg    . . .      Spirit   .   (helmet restricted)
rPois   .          Reflect  .   (no amulet)
rElec   .          Harm     .   h - ring of resist corrosion
rCorr   +          Rampage  .   (no ring)
Will    .....                   (no ring)
Stlth   +++.......              (no ring)
HPRegen 0.09/turn               (no ring)
MPRegen 0.09/turn               (no ring)
                                (no ring)
                                (no ring)

@: confused, ambrosia-drunk
A: almost no armour, amphibious, 8 rings, camouflage 1, gelatinous body 1,
(nimble swimmer 1), tentacles
a: Renounce Religion


You were on level 4 of the Dungeon.
You worshipped Dithmenos.
Dithmenos was noncommittal.
You visited 1 branch of the dungeon, and saw 4 of its levels.

You collected 81 gold pieces.

Inventory:

Hand Weapons
 a - a +3 dagger (weapon)
Missiles
 b - 9 poisoned darts (quivered)
 c - 3 curare-tipped darts
Jewellery
 f - a ring of ice
 h - a ring of resist corrosion (left tentacle)
 p - an amulet of reflection
Wands
 l - a wand of flame (20)
Scrolls
 k - a scroll of amnesia
 m - a scroll of teleportation
 r - 3 scrolls of enchant armour
Potions
 d - a potion of ambrosia
 e - a potion of cancellation {unknown}
 g - a potion of attraction
 i - a potion of brilliance {unknown}
 j - a potion of heal wounds {unknown}
 n - 2 potions of curing {unknown}
 o - a potion of degeneration {unknown}
 q - a potion of invisibility {unknown}
 s - a potion of berserk rage {unknown}


   Skills:
 - Level 2.0 Fighting
 + Level 2.5 Short Blades
 - Level 2.0 Throwing
 + Level 1.6 Dodging
 + Level 7.6 Stealth


You had 3 spell levels left.
You didn't know any spells.
Your spell library contained the following spells:

 Spells                   Type           Power      Damage    Failure   Level
 Necrotise                Necr           0%         1d4       26%         1
 Sandblast                Erth           0%         2d4       26%         1
 Sting                    Tmut/Pois      0%         1d3       26%         1
 Passwall                 Tmut/Erth      0%         N/A       38%         2
 Spider Form              Tmut/Pois      0%         N/A       63%         3
 Stone Arrow              Conj/Erth      0%         3d7       63%         3


Dungeon Overview and Level Annotations

Branches:
Dungeon (4/15)
 Temple: D:4-7

Altars:
Dithmenos
Nemelex Xobeh


Innate Abilities, Weirdness & Mutations

You cannot wear most types of armour.
You are amphibious.
You can wear up to eight rings at the same time.
Your skin changes colour to match your surroundings (Stealth+).
Your rubbery body absorbs attacks. (AC +1, EV +1)
((You are camouflaged when in or above water. (Stealth+)))
You have tentacles for arms and can constrict up to eight enemies at once.


Message History

The orc barely misses you.
You barely miss the orc. You grab the orc. You constrict the orc.
The orc hits you from afar with a +0 trident!
The orc barely misses you.
You hit the orc.
The orc is moderately wounded.
You constrict the orc.
The orc hits you from afar with a +0 trident.
The orc closely misses you.
You barely miss the orc. You squeeze the orc.
You kill the orc!
Dithmenos accepts your kill.
The orc hits you from afar with a +0 trident.
An iguana comes into view.
You are too injured to fight recklessly!
You are too injured to fight recklessly!
You are too injured to fight recklessly!
You are too injured to fight recklessly!
Unknown command.
You are too injured to fight recklessly!
You are too injured to fight recklessly!
You are too injured to fight recklessly!
Unknown command.
You are too injured to fight recklessly!
You are too injured to fight recklessly!
Unknown command.
Unknown command.
The orc attacks as you move away! The orc hits you with a +0 hand axe.
* * * LOW HITPOINT WARNING * * *
A worm comes into view.
The orc attacks as you move away! The orc hits you with a +0 hand axe.
* * * LOW HITPOINT WARNING * * *
Okay, then.
The orc attacks as you move away! The orc hits you with a +0 hand axe.
* * * LOW HITPOINT WARNING * * *
It was a potion of ambrosia.
You are confused.
You feel invigorated. The orc barely misses you.
The orc hits you from afar with a +0 trident!
You die...

#.## #.# #.# #
#.# ##. #.#
#... #.# ##...
#.#
......#######.#
#....)..oo@..#
##.#.#########
.l ##


You could see 2 orcs.

Vanquished Creatures
  2 adders
  A worm (D:3)
  4 dart slugs
  5 orcs
  5 ball pythons
  3 bats (D:2)
  4 endoplasms
  2 giant cockroaches
  2 goblins (D:1)
  6 hobgoblins
  10 jackals
  2 quokkas (D:1)
  4 frilled lizards
  5 kobolds
  6 rats
61 creatures vanquished.

Notes
Turn   | Place    | Note
-------+----------+-------------------------------------------
     0 | D:1      | zeram the Octopode Brigand began the quest for the Orb.
     0 | D:1      | Reached XP level 1. HP: 14/14 MP: 1/1
   159 | D:1      | Reached XP level 2. HP: 18/19 MP: 2/2
   169 | D:1      | Reached skill level 6 in Stealth
   526 | D:1      | Reached XP level 3. HP: 18/24 MP: 3/3
   661 | D:1      | Got the Grimoire of Doomed Transmutation
   837 | D:1      | Found a faded altar of an unknown god.
  1247 | D:2      | Reached skill level 7 in Stealth
  1455 | D:2      | Reached XP level 4. HP: 23/29 MP: 4/4
  2492 | D:3      | Found a sparkling altar of Nemelex Xobeh.
  2577 | D:4      | Found a shadowy altar of Dithmenos.
  2593 | D:4      | Became a worshipper of Dithmenos the Shadowed
  2647 | D:4      | HP: 1/29 [orc/+0 hand axe (4)]
  2648 | D:4      | Slain by an orc

Illustrated notes

Levels and vault maps discovered:
D:1:      minmay_arrival_loop, layout_basic,
          hellmonk_ecumenical_altar_pennies_from_heaven
D:2:      layout_rooms
D:3:      layout_loops_ring, mainiacjoe_overflow_brackets
D:4:      layout_loops_corners, nicolae_vehumet_radiance,
          nicolae_overflow_crystal_walls, grunt_dithmenos_smoke_and_mirrors,
          serial_shops, shop_statue, nicolae_shop_advertising_works
          [nicolae_subvault_shop_adworks], nicolae_take_the_stairs,
          nicolae_shop_waterfront, kennysheep_mini_moat

Skill      XL: |  1  2  3 |
---------------+----------+-----
Stealth        | 6 7 |  7.6
Fighting       | |  2.0
Short Blades   | |  2.5
Throwing       | |  2.0
Dodging        | |  1.6

Action                   |  1- 3 |  4- 6 || total
-------------------------+-------+-------++-------
Melee: Dagger            |    72 |    38 ||   110
       Tentacles         |    16 |     8 ||    24
       Constrict         |    15 |     7 ||    22
       Punch             |     1 |       ||     1
  Use: Scroll            |     3 |     6 ||     9
       Potion            |       |     1 ||     1
 Stab: Sleeping          |    14 |    10 ||    24
       Distracted        |     1 |       ||     1
Armor: Skin              |     6 |     4 ||    10
Dodge: Dodged            |    40 |    19 ||    59
